AoeStats
← bkg45

Nomad

505993652Analyzed
4v4 RM · 20d ago on Sep 12, 2026· 39m 45s· 8 players
Game mode
Random Map
Map size
231×231
Population
200
Speed
Normal
Resources
Standard
Victory
Conquest
Starting age
Dark Age
Ending age
Imperial Age
RankedLock teamsTeams togetherTeam positionsShared explorationLock speedFull tech treeHidden civsTurbo modeCheats
Victory
Defeat
🇺🇸 Chinese · United States
1230
+14
🇨🇦 Huns · Canada
1225
+15
🇺🇸 Berbers · United States
1211
+15
🇺🇸 Franks · United States
1135
+19
🇲🇽 Mongols · Mexico
1214
-17
🇺🇸 Gurjaras · United States
1199
-16
🇬🇧 Huns · United Kingdom
1177
-15
🇦🇺 Japanese · Australia
1174
-15
gothsgothsgoths
3:38 Loom
14:55 Feudal Age
19:24 Castle Age
18:09 Fishing Lines
19:01 Scale Barding Armor
18:48 Horse Collar
19:56 Forging
21:40 Chain Barding Armor
21:11 Double-Bit Axe
23:04 Bloodlines
28:34 Husbandry
32:42 Fletching
35:37 Wheelbarrow
36:58 Bow Saw
36:43 Gold Mining
38:10 Iron Casting
Porkroll
13:17 Feudal Age
13:37 Man-at-Arms
20:40 Castle Age
21:46 Double-Bit Axe
21:43 Horse Collar
27:52 Wheelbarrow
30:10 Hand Cart
30:39 Hand Cart
33:15 Forging
33:06 Scale Mail Armor
38:44 Imperial Age
[BK] Ayala_27
5:06 Loom
14:12 Feudal Age
16:40 Double-Bit Axe
17:58 Fishing Lines
19:38 Horse Collar
23:17 Wheelbarrow
22:40 Fletching
24:49 Padded Archer Armor
27:38 Castle Age
The_Only_Koala
4:22 Loom
13:33 Feudal Age
15:24 Bloodlines
16:41 Wheelbarrow
20:14 Castle Age
19:19 Stone Mining
19:22 Horse Collar
20:29 Double-Bit Axe
21:55 Scale Barding Armor
22:23 Heavy Plow
23:16 Gold Mining
25:07 Gold Shaft Mining
24:39 Husbandry
25:49 Bow Saw
26:14 Marauders
27:27 Chain Barding Armor
29:38 Hand Cart
29:41 Forging
31:28 Iron Casting
31:56 Pikeman
32:40 Town Watch
40:10 Imperial Age
Howie
5:14 Loom
14:54 Feudal Age
16:31 Double-Bit Axe
20:00 Castle Age
21:45 Medium Warships
27:36 Horse Collar
28:17 Fletching
30:29 Scale Barding Armor
32:32 Wheelbarrow
31:42 Town Watch
32:30 Heavy Plow
32:57 Bow Saw
32:45 Bodkin Arrow
32:50 Padded Archer Armor
32:49 Stone Mining
38:49 Imperial Age
37:15 Hand Cart
38:29 Ballistics
39:37 Bracer
FEMALE INCA VILLAGER
4:18 Loom
15:51 Feudal Age
19:56 Castle Age
19:59 Scale Barding Armor
20:07 Forging
19:53 Double-Bit Axe
21:05 Bloodlines
20:56 Husbandry
21:03 Scale Barding Armor
20:56 Gold Mining
20:57 Fishing Lines
21:42 Bow Saw
21:13 Horse Collar
28:12 Wheelbarrow
28:35 Iron Casting
28:21 Chain Barding Armor
30:22 Hand Cart
31:19 Stone Mining
31:36 Gillnets
36:15 Imperial Age
35:12 Fletching
36:25 Cavalier
37:29 Conscription
37:45 Plate Barding Armor
38:11 Blast Furnace
37:39 Paladin
osteor10
4:14 Loom
15:57 Feudal Age
19:14 Double-Bit Axe
22:03 Castle Age
22:29 Pikeman
23:13 Husbandry
26:59 Scale Barding Armor
28:25 Squires
30:12 Gold Mining
31:35 Wheelbarrow
31:17 Bow Saw
31:29 Forging
33:37 Chain Barding Armor
33:18 Scale Mail Armor
bkg45
3:07 Loom
14:30 Feudal Age
18:17 Castle Age
16:05 Double-Bit Axe
17:04 Fishing Lines
17:13 Horse Collar
18:41 Town Watch
19:15 Bow Saw
19:06 Heavy Plow
20:17 Gillnets
20:57 Fletching
21:35 Bodkin Arrow
26:02 Padded Archer Armor
27:46 Wheelbarrow
27:04 Gold Mining
27:05 Stone Mining
28:18 Ballistics
30:19 Hand Cart
32:50 Imperial Age
31:19 Thumb Ring
32:07 Gold Shaft Mining
32:08 Stone Shaft Mining
33:24 Leather Archer Armor
33:56 Bracer
34:36 Ring Archer Armor
35:08 Chemistry
34:30 Conscription
35:33 Rocketry
36:09 Elite Chu Ko Nu
Connection lost

Rejoining the realm…

Still unreachable

The connection could not be restored.

Session expired

The server has moved on; the page needs a fresh start.